 Dungeon Crawl Stone Soup version 0.28.0-53-g5a82cb258f (webtiles) character file.

Game seed: 13444095841881798985

447 cbfl8 the Chopper (level 6, 0/52 (57) HPs)
             Began as a Minotaur Berserker on Aug 22, 2022.
             Was a Priest of Trog.
             Slain by a wight
             ... wielding a +3 trident
              (1 damage)
             ... on level 7 of the Dungeon.
             The game lasted 00:03:55 (2968 turns).

cbfl8 the Chopper (Minotaur Berserker)              Turns: 2968, Time: 00:03:56

HP:   0/52 (57)     AC:  6    Str: 21    XL:     6   Next: 73%
MP:   5/5           EV: 11    Int:  4    God:    Trog [***...]
Gold: 132           SH:  0    Dex: 12    Spells: 5/5 levels left

rFire   . . .      SeeInvis .   a - +0 hand axe
rCold   . . .      Faith    .   (no shield)
rNeg    . . .      Spirit   .   d - +0 scale mail
rPois   .          Reflect  .   (helmet restricted)
rElec   .          Harm     .   (no cloak)
rCorr   +          Rampage  .   (no gloves)
Will    .....                   (no boots)
Stlth   ..........              h - amulet of regeneration
HPRegen 0.97/turn               f - ring of resist corrosion
MPRegen 0.09/turn               (no ring)

@: on berserk cooldown, slowed, drained, very slow
A: horns 2, retaliatory headbutt
a: Renounce Religion, Berserk, Trog's Hand


You were on level 7 of the Dungeon.
You worshipped Trog.
Trog was most pleased with you.
You visited 1 branch of the dungeon, and saw 5 of its levels.

You collected 132 gold pieces.

Inventory:

Hand Weapons
 a - a +0 hand axe (weapon)
Armour
 d - a +0 scale mail (worn)
Jewellery
 f - a ring of resist corrosion (left hand)
 h - an amulet of regeneration (around neck)
Scrolls
 b - a scroll of silence {unknown}
 e - a scroll of brand weapon {unknown}
 g - 2 scrolls of teleportation
 j - a scroll of magic mapping {unknown}
 k - a scroll of enchant armour {unknown}
 m - a scroll of noise {unknown}
Potions
 c - 2 potions of heal wounds
 i - a potion of invisibility
 l - a potion of curing {unknown}


   Skills:
 * Level 5.7 Fighting
 + Level 5.9 Axes
 + Level 3.0 Armour
 * Level 3.7 Dodging
 + Level 1.4 Stealth
 * Level 1.9 Evocations


You had 5 spell levels left.
You didn't know any spells.
Your spell library was empty.

Dungeon Overview and Level Annotations

Branches:
Dungeon (7/15)
 Temple: D:4-7

Altars:
Fedhas


Innate Abilities, Weirdness & Mutations

You have a pair of horns on your head.
You reflexively headbutt those who attack you in melee.


Message History

You slash the wight! Your headbutt misses the wight.
The wight is heavily damaged.
The wight hits you from afar with a +3 trident!
Unknown command.
You are too injured to fight recklessly!
Unknown command.
You are too injured to fight recklessly!
You are too injured to fight recklessly!
Unknown command.
You barely miss the wight.
You headbutt the wight, but do no damage.
The wight is heavily damaged.
The wight misses you. You furiously retaliate!
You headbutt the wight!
You destroy the wight!
Trog accepts your kill.
The wight hits you from afar with a +3 trident!
Your life force feels restored.
A wight comes into view. It is wielding a +5 dire flail.
You feel a strong urge to attack something.
The wight hits you with a +3 trident!
* * * LOW HITPOINT WARNING * * *
You feel drained.
* * * LOW HITPOINT WARNING * * *
The wight moves out of view.
Things that are here:
a +5 falchion; a +0 robe You hit the wight.
The wight is heavily damaged.
The wight hits you with a +3 trident!
* * * LOW HITPOINT WARNING * * *
You feel drained.
* * * LOW HITPOINT WARNING * * *
You hit the wight.
The wight is almost destroyed.
You are no longer berserk.
You are exhausted.
You feel yourself slow down. The wight hits you with a +3 trident.
* * * LOW HITPOINT WARNING * * *
You feel drained.
You die...

.. .........#
#..#........#
..#..#...#.#
..... .... #...
..# #
..#####.##.##.#
..............#
#.<.....#
###@..### #z..#
#...# #.....
.......
...$.....
.........
.#....####


You could see a wight.

Vanquished Creatures
  A bullfrog (D:7)
  A scorpion (D:3)
  2 wights (D:7)
  2 hounds
  A centaur zombie (D:7)
  A killer bee zombie (D:7)
  5 adders
  5 orcs (D:3)
  3 ball pythons
  6 bats
  9 endoplasms
  6 giant cockroaches
  5 goblins
  3 hobgoblins
  15 jackals
  6 kobolds
  3 quokkas
  5 frilled lizards
  9 rats
88 creatures vanquished.

Notes
Turn   | Place    | Note
-------+----------+-------------------------------------------
     0 | D:1      | cbfl8 the Minotaur Berserker began the quest for the Orb.
     0 | D:1      | Reached XP level 1. HP: 19/19 MP: 0/0
     1 | D:1      | Found a runed translucent door.
   354 | D:1      | Reached XP level 2. HP: 26/27 MP: 1/1
   504 | D:1      | Found a faded altar of an unknown god.
   668 | D:1      | Reached ** piety under Trog
  1051 | D:1      | Reached XP level 3. HP: 33/33 MP: 2/2
  1792 | D:2      | Reached XP level 4. HP: 35/41 MP: 3/3
  2089 | D:3      | Reached *** piety under Trog
  2125 | D:3      | Found a blossoming altar of Fedhas.
  2151 | D:3      | Noticed a scorpion
  2156 | D:3      | Killed a scorpion
  2157 | D:3      | Reached skill level 5 in Axes
  2157 | D:3      | Reached skill level 1 in Stealth
  2157 | D:3      | Reached skill level 1 in Evocations
  2157 | D:3      | Reached XP level 5. HP: 47/47 MP: 4/4
  2566 | D:3      | Reached skill level 5 in Fighting
  2845 | D:3      | You fall into a shaft and drop 3 floors!
  2935 | D:6      | Noticed a centaur
  2958 | D:7      | Reached XP level 6. HP: 56/56 MP: 5/5
  2968 | D:7      | HP: 1/54 [wight/+3 trident (5)]
  2968 | D:7      | Slain by a wight

Illustrated notes

Levels and vault maps discovered:
D:1:      dpeg_arrival_caged_fury, layout_basic,
          chequers_ecumenical_altar_island
D:2:      wander_river, layout_basic, minmay_misc_feat_enclosed,
          chequers_serial_rivers_small_3
D:3:      layout_loops_corners, fedhas_ov_isle_minmay
D:6:      layout_basic, fountainhead, kennysheep_flooded_box
D:7:      layout_loops_cross, temple_green, wad_floor_pattern_untrapped,
          uniq_harold

Skill      XL: |  1  2  3  4  5  6 |
---------------+-------------------+-----
Axes           | 4 5 |  5.9
Fighting       | 4 5 |  5.7
Dodging        | 3 |  3.7
Stealth        | 1 |  1.4
Evocations     | 1 |  1.9
Armour         | 3 |  3.0

Action                   |  1- 3 |  4- 6 || total
-------------------------+-------+-------++-------
Melee: Hand axe          |    96 |    88 ||   184
       Headbutt          |    14 |    18 ||    32
Invok: Berserk           |     1 |     2 ||     3
  Use: Scroll            |     4 |     1 ||     5
       Potion            |       |     1 ||     1
 Stab: Sleeping          |     3 |       ||     3
Armor: Animal skin       |    12 |     2 ||    14
       Scale mail        |       |    13 ||    13
Dodge: Dodged            |    51 |    64 ||   115
